 Dungeon Crawl Stone Soup version 0.25-a0-576-g50b708a4c4 (webtiles) character file.

Game seed: 17816351584994470139, levelgen mode: deterministic

7 95kv the Magician (level 2, -2/18 HPs)
             Began as an Octopode Wizard on Mar 1, 2020.
             Slain by a hobgoblin
             ... wielding a +0 club
              (4 damage)
             ... on level 1 of the Dungeon.
             The game lasted 00:04:03 (197 turns).

95kv the Magician (Octopode Wizard)                  Turns: 197, Time: 00:04:03

Health: -2/18      AC:  1    Str:  6    XL:     2   Next: 0%
Magic:  4/6        EV: 13    Int: 20    God:
Gold:   15         SH:  0    Dex: 10    Spells: 6/7 levels left

rFire    . . .     SeeInvis .   (no weapon)
rCold    . . .     Gourm    .   (no shield)
rNeg     . . .     Faith    .   a - +0 hat
rPois    .         Spirit   .   (no amulet)
rElec    .         Reflect  .   (no ring)
rCorr    .         Harm     .   (no ring)
MR       .....                  (no ring)
Stlth    +++.......             (no ring)
HPRegen  0.06/turn              (no ring)
MPRegen  0.10/turn              (no ring)
                                (no ring)
                                (no ring)

@: no status effects
A: almost no armour, stealthy swim, amphibious, 8 rings, constrict 8, camouflage
1, gelatinous body 1
a: no special abilities


You were on level 1 of the Dungeon.
You were not hungry.

You visited 1 branch of the dungeon, and saw 1 of its levels.

You collected 15 gold pieces.

Inventory:

Armour
 a - a +0 hat (worn)
Potions
 b - a potion of ambrosia {unknown}
Comestibles
 c - 2 rations
 d - a chunk of flesh


   Skills:
 * Level 0.4 Fighting
 - Level 2.0 Dodging
 * Level 3.0 Stealth
 * Level 3.1 Spellcasting
 * Level 1.2 Conjurations
   Level 1.0 Summonings
   Level 1.0 Translocations


You had 6 spell levels left.
You knew the following spells:

 Your Spells              Type           Power        Failure   Level  Hunger
a - Magic Dart            Conj           #...         9%          1    None

Your spell library contained the following spells:

 Spells                   Type           Power        Failure   Level  Hunger
 Blink                    Tloc           N/A          14%         2    ##.....
 Call Imp                 Summ           #.......     14%         2    ##.....
 Slow                     Hex            #.......     22%         2    ##.....
 Conjure Flame            Conj/Fire      #.......     32%         3    ###....
 Mephitic Cloud           Conj/Pois/Air  #.......     34%         3    ###....


Dungeon Overview and Level Annotations

Branches:
Dungeon (1/15)

Altars:


Innate Abilities, Weirdness & Mutations

You cannot wear most types of armour.
You are very stealthy in the water. (Stealth+)
You are amphibious.
You can wear up to eight rings at the same time.
You can use your tentacles to constrict eight enemies at once.
Your skin changes colour to match your surroundings (Stealth+).
Your rubbery body absorbs attacks. (AC +1, EV +1)


Message History

Aim: a hobgoblin (moderately wounded)
The magic dart hits the hobgoblin.
You kill the hobgoblin!
You have reached level 2!
The hobgoblin hits you with a +0 club.
A kobold comes into view.
Found 15 gold pieces.
A leopard gecko comes into view.
Found 8 gold pieces.
Found a whip.
A hobgoblin comes into view. It is wielding a +0 club.
Things that are here:
a +0 dagger; a goblin corpse The hobgoblin hits you with a +0 club.
Things that are here:
a +0 dagger; a goblin corpse The hobgoblin hits you with a +0 club.
* * * LOW HITPOINT WARNING * * *
The hobgoblin hits you with a +0 club.
You die...

#K. .. .#... .#.s.#.
#...#.$. #...#...#..
.#...#...####### .#
..#.K.#.......# .#
...#...#.........#####.#
#...#...#...@.......#.#
#...#...gg....###...# #
.#.......K...####..##.
#..#.#..).รท..(.......).
#.# #.#..#.....#...#.##
#...###...###....#
#..##.#...#.##...##
#..###.....###....#
#...##.....##...#.#


You could see 2 hobgoblins and 2 kobolds.

Vanquished Creatures
  A leopard gecko (D:1)
  A giant cockroach (D:1)
  A goblin (D:1)
  A hobgoblin (D:1)
  A kobold (D:1)
5 creatures vanquished.

Notes
Turn   | Place    | Note
-------+----------+-------------------------------------------
     0 | D:1      | 95kv the Octopode Wizard began the quest for the Orb.
     0 | D:1      | Reached XP level 1. HP: 11/11 MP: 4/4
   157 | D:1      | Reached XP level 2. HP: 14/18 MP: 0/6
   197 | D:1      | Slain by a hobgoblin

Levels and vault maps discovered:
D:1:      erik_arrival_blinker_ship, layout_basic, hex_medium

Skill      XL: |  1 |
---------------+----+-----
Stealth        | 3 |  3.0
Fighting       | |  0.4
Dodging        | |  2.0
Spellcasting   | |  3.1
Conjurations   | |  1.2
Summonings     | |  1.0
Translocations | |  1.0

Action                   || total
-------------------------++-------
 Cast: Magic Dart        ||    14
Dodge: Dodged            ||    12

Table legend:
 A = Non-vault XP
 B = Vault XP
 C = Vault XP percentage of total XP
 D = Non-vault monster count
 E = Vault monster count
 F = Vault count percentage of total count
                 A         B        C        D         E       F
            +---------+---------+-------+---------+---------+-------
      Total |      10 |       0 |   0.0 |       5 |       0 |   0.0
            +---------+---------+-------+---------+---------+-------
        D:1 |      10 |       0 |   0.0 |       5 |       0 |   0.0
            +---------+---------+-------+---------+---------+-------
